 Dungeon Crawl Stone Soup version 0.30-a0-1161-g0704695555 (webtiles) character file.

Game seed: 8193910159205485142

270 AleXD21137 the Trooper (level 6, -1/53 HPs)
             Began as a Ghoul Monk on Apr 27, 2023.
             Slain by a gnoll
             ... wielding a +0 spear
              (3 damage)
             ... on level 4 of the Dungeon.
             The game lasted 00:13:28 (3394 turns).

AleXD21137 the Trooper (Ghoul Monk)                 Turns: 3394, Time: 00:13:29

Health: -1/53      AC:  3    Str: 12 (15) XL:     6   Next: 22%
Magic:  5/5        EV: 17    Int:  6 (7)  God:
Gold:   239        SH:  0    Dex: 10 (11) Spells: 5/5 levels left

rFire   . . .        h - +7 captain's cutlass {speed, disarm}
rCold   + . .        c - orb {light}
rNeg    + + +        a - +1 robe
rPois   ∞            (no helmet)
rElec   .            (no cloak)
rCorr   .            (no gloves)
SInv    .            (no boots)
Will    .....        (no amulet)
Stlth   +            e - +5 ring of evasion
HPRegen 0.00/turn    g - ring of wizardry
MPRegen 0.09/turn

%: wizardry (x1)
@: inhibited regen, glowing
A: claws 1, cold resistance 1, negative energy resistance 3, inhibited
regeneration, torment resistance 2, devour on kill
a: no special abilities


You were on level 4 of the Dungeon.
You visited 1 branch of the dungeon, and saw 4 of its levels.

You collected 239 gold pieces.

Inventory:

Hand Weapons
 h - the +7 captain's cutlass (weapon) {speed, disarm}
   (You acquired it on level 3 of the Dungeon)
 j - the +1 rapier of Ashenzari's Vengeance {antimagic, rElec rN+}
   (You found it on level 4 of the Dungeon)

   rElec:     It insulates you from electricity.
   rN:        It protects you from negative energy.
 m - a +4 dagger
Armour
 a - a +1 robe (worn)
 c - an orb of light (worn)
Jewellery
 e - a +5 ring of evasion (left claw)
 g - a ring of wizardry (right claw)
Scrolls
 b - a scroll of teleportation
 f - 2 scrolls of vulnerability
 i - 2 scrolls of fog
 k - a scroll of poison
 o - a scroll of identify
Potions
 d - a potion of mutation {unknown}
 n - a potion of magic
 p - a potion of berserk rage {unknown}


   Skills:
 + Level 4.4 Fighting
 + Level 1.9 Short Blades
 + Level 2.8 Maces & Flails
 + Level 3.7 Dodging
 + Level 0.7 Stealth
 + Level 3.6 Unarmed Combat


You had 5 spell levels left.
You didn't know any spells.
Your spell library contained the following spells:

 Spells                   Type           Power      Damage    Failure   Level
 Necrotise                Necr           0%         1d4       21%         1
 Poisonous Vapours        Pois/Air       0%         N/A       28%         2
 Mephitic Cloud           Conj/Pois/Air  0%         N/A       50%         3
 Summon Guardian Golem    Hex/Summ       0%         N/A       50%         3
 Vampiric Draining        Necr           0%         2d6       50%         3
 Animate Armour           Summ/Erth      0%         N/A       86%         4
 Agony                    Necr           0%         N/A       99%         5
 Freezing Cloud           Conj/Ice/Air   0%         6-21      99%         5
 Iron Shot                Conj/Erth      0%         9d1       100%        6
 Orb of Destruction       Conj           0%         9d5       100%        7
 Spellforged Servitor     Conj/Summ      0%         N/A       100%        7
 Blade Hands              Tmut           Unusable   N/A       N/A         5

Dungeon Overview and Level Annotations

Branches:
Dungeon (4/15)
 Temple: D:4-7

Altars:


Innate Abilities, Weirdness & Mutations

You are immune to poison.
You have sharp fingernails.
Your flesh is cold resistant. (rC+)
You are immune to negative energy. (rN+++)
You do not regenerate when monsters are visible.
You are immune to unholy pain and torment.
You thrive by killing the living.


Message History

You barely miss the gnoll. You puncture the gnoll!
The gnoll is almost dead.
The gnoll hits you from afar with a +0 halberd.
The gnoll hits you with a +0 spear!
You barely miss the gnoll.
The gnoll is almost dead.
The gnoll completely misses you. The gnoll misses you.
The gnoll hits you but does no damage.
You puncture the gnoll!
The gnoll is severely wounded.
The gnoll hits you with a +0 halberd. The gnoll hits you with a +0 spear.
You hit the gnoll.
The captain's cutlass flashes!
You lacerate the gnoll!!
The gnoll's +0 halberd falls to the floor!
You kill the gnoll!
You feel better. The gnoll attacks as you move away!
The gnoll closely misses you.
The gnoll hits you from afar with a +0 spear.
* * * LOW HITPOINT WARNING * * *
You see here a gnoll corpse.
The gnoll hits you from afar with a +0 spear.
* * * LOW HITPOINT WARNING * * *
The gnoll barely misses you.
The gnoll hits you from afar with a +0 spear.
* * * LOW HITPOINT WARNING * * *
The gnoll barely misses you.
The gnoll hits you from afar with a +0 spear.
* * * LOW HITPOINT WARNING * * *
The gnoll closely misses you. The gnoll closely misses you.
The gnoll completely misses you.
The gnoll hits you from afar with a +0 spear.
* * * LOW HITPOINT WARNING * * *
The gnoll hits you from afar with a +0 spear.
* * * LOW HITPOINT WARNING * * *
The gnoll barely misses you. The gnoll misses you.
The gnoll hits you with a +0 spear.
You die...

*,,** #............ **,,*
##............ #.,**
#............. #..,*
##..>...##..... *#..*
##......####.... #..#*
##......## ##### *
#...###......## ***
*#...#.......# ,,**
**#....@......## # *,,***
*#....#.g.......# #
**,,,****...#*##†)).....##
## **,,,,*,..**
##.........### ###.
**,,,,,,**
##............###...
**,,,,**
#......##...........
*#...#
##.....####..........
#...# ##.....##
##........# #...###.....##
##....####


You could see a gnoll.

Vanquished Creatures
  An orc priest (D:3)
  An iguana (D:4)
  7 gnolls (D:4)
  3 adders
  2 worms
  3 dart slugs
  2 orcs (D:3)
  8 bats
  7 endoplasms
  5 giant cockroaches
  6 goblins
  5 hobgoblins
  4 jackals (D:4)
  2 quokkas
  6 ball pythons
  4 frilled lizards
  10 kobolds
  5 rats
81 creatures vanquished.

Vanquished Creatures (collateral kills)
  An orc priest (D:3)
1 creature vanquished.

Grand Total: 82 creatures vanquished

Notes
Turn   | Place    | Note
-------+----------+-------------------------------------------
     0 | D:1      | AleXD21137 the Ghoul Monk began the quest for the Orb.
     0 | D:1      | Reached XP level 1. HP: 19/19 MP: 0/0
    65 | D:1      | Reached XP level 2. HP: 22/26 MP: 1/1
   482 | D:1      | Reached XP level 3. HP: 28/33 MP: 2/2
   743 | D:2      | Reached skill level 1 in Maces & Flails
  1141 | D:2      | Reached XP level 4. HP: 31/40 MP: 3/3
  2152 | D:3      | Identified a scroll of acquirement
  2152 | D:3      | Acquired the +7 captain's cutlass {speed, disarm}
  2152 | D:3      | Found the +7 captain's cutlass {speed, disarm}
  2158 | D:3      | Reached skill level 4 in Fighting
  2158 | D:3      | Reached XP level 5. HP: 5/46 MP: 4/4
  2457 | D:4      | Identified the +1 rapier of Ashenzari's Vengeance
                  | {antimagic, rElec rN+}
  2620 | D:4      | Reached skill level 1 in Short Blades
  2627 | D:4      | HP: 1/46 [gnoll/+0 halberd (6)]
  2944 | D:4      | Reached XP level 6. HP: 40/52 MP: 5/5
  3391 | D:4      | HP: 2/53 [gnoll/+0 spear (1)]
  3394 | D:4      | Slain by a gnoll

Illustrated notes

Levels and vault maps discovered:
D:1:      minmay_arrival_arboretum_large, layout_rooms
D:2:      wad_pebble_path, layout_loops_ring, bh_walls_and_bars
D:3:      layout_basic, kennysheep_orc_chapel
D:4:      layout_layer_cave

Skill      XL: |  1  2  3  4  5 |
---------------+----------------+-----
Dodging        | 3 |  3.7
Maces & Flails | 1 2 |  2.8
Fighting       | 4 |  4.4
Short Blades   | 1 |  1.9
Stealth        | |  0.7
Unarmed Combat | |  3.6

Action                     |  1- 3 |  4- 6 || total
---------------------------+-------+-------++-------
  Melee: Unarmed           |     6 |       ||     6
         Mace              |   109 |     7 ||   116
         Dagger            |       |    49 ||    49
         Cutlass           |       |    45 ||    45
    Use: Potion            |     2 |     2 ||     4
         Scroll            |     1 |     8 ||     9
 Armour: Robe              |    44 |    12 ||    56
  Dodge: Dodged            |   247 |   114 ||   361

Table legend: (Time is in decaauts)
 A = Elapsed time spent in this place.
 B = Non-inter-level travel time spent in this place.
 C = Inter-level travel time spent in this place.
 D = Time resting spent in this place.
 E = Time spent auto-exploring this place.
 F = Levels seen in this place.
 G = Mean time per level.
                   A        B        C        D        E       F      G
               +--------+--------+--------+--------+--------+-----+--------+
         Total |   3423 |   3419 |      4 |      0 |   1964 |   4 |  855.8 |
       Dungeon |   3423 |   3419 |      4 |      0 |   1964 |   4 |  855.8 |
               +--------+--------+--------+--------+--------+-----+--------+

Top non-repeatable levels by time:
     D:4: 944 daAuts
     D:3: 933 daAuts
     D:2: 838 daAuts
     D:1: 707 daAuts
